 Dungeon Crawl Stone Soup version 0.19-a0-1456-gc747e27 (webtiles) character file.

16 RonnieColeman the Conjurer (level 2, -1/17 HPs)
             Began as an Octopode Conjurer on Sept 6, 2016.
             Slain by a goblin
             ... wielding a +0 club
             ... led by Robin
              (5 damage)
             ... on level 2 of the Dungeon.
             The game lasted 00:00:48 (944 turns).

RonnieColeman the Conjurer (Octopode Conjurer)       Turns: 944, Time: 00:00:49

Health: -1/17      AC:  1    Str:  7    XL:     2   Next: 54%
Magic:  5/5        EV: 13    Int: 17    God:
Gold:   81         SH:  0    Dex: 12    Spells: 1 memorised, 5 levels left

rFire  . . .     SeeInvis .     k - +0 short sword
rCold  . . .     Gourm    .     (no shield)
rNeg   . . .     Faith    .     (helmet restricted)
rPois  .         Spirit   .     (no amulet)
rElec  .         Dismiss  .     (no ring)
rCorr  .         Reflect  .     (no ring)
MR     .....     Harm     .     (no ring)
Stlth  +++.......               (no ring)
                                (no ring)
                                (no ring)
                                (no ring)
                                (no ring)

@: lethally poisoned (-1 -> -6)
A: almost no armour, stealthy swim, amphibious, 8 rings, constrict 8, camouflage
1, gelatinous body 1
a: no special abilities


You were on level 2 of the Dungeon.
You were not hungry.

You visited 1 branch of the dungeon, and saw 2 of its levels.

You collected 81 gold pieces.

Inventory:

Hand Weapons
 c - a +0 club
 k - a +0 short sword (weapon)
Scrolls
 g - a scroll of amnesia {unknown}
 h - 2 scrolls of remove curse {unknown}
 i - 2 scrolls of identify {unknown}
 j - a scroll of enchant weapon {unknown}
 l - a scroll of enchant armour {unknown}
 m - a scroll of magic mapping {unknown}
Potions
 e - a potion of lignification {unknown}
Books
 a - a book of Conjurations

   Spells                             Type                      Level
   a - Magic Dart                     Conjuration                  1
   b - Searing Ray                    Conjuration                  2
   c - Dazzling Spray                 Conjuration/Hexes            3
   d - Fulminant Prism                Conjuration/Hexes            4
   e - Iskenderun's Mystic Blast      Conjuration                  4
   f - Iskenderun's Battlesphere      Conjuration/Charms           5
Comestibles
 b - 2 bread rations
 d - a fruit
 f - 2 beef jerkies


   Skills:
 - Level 2.0 Dodging
 - Level 2.6 Stealth
 * Level 2.6 Spellcasting
 + Level 4.2 Conjurations


You had 5 spell levels left.
You knew the following spells:

 Your Spells              Type           Power        Failure   Level  Hunger
a - Magic Dart            Conj           ###.         3%          1    #......


Dungeon Overview and Level Annotations

Branches:
Dungeon (2/15)

Altars:
Fedhas

Annotations:
D:2 exclusion: oklob plant, Robin


Innate Abilities, Weirdness & Mutations

You cannot wear most types of armour.
You are very stealthy in the water.
You are amphibious.
You can wear up to eight rings at the same time.
You can use your tentacles to constrict eight enemies at once.
Your skin changes colour to match your surroundings (Stealth+).
Your rubbery body absorbs attacks. (AC +1, EV +1)


Message History

Your grab misses the goblin.
The goblin closely misses you. 2 goblins come into view.
The goblin moves out of view.
A goblin comes into view.
An adder comes into view.
Robin roars a battlecry!
The adder closely misses you.
Robin says, "My army is invincible!"
Robin throws the goblin at you!
You closely miss the adder. Your grab misses the adder. The adder bites you.
You are poisoned.
The adder poisons you! The goblin closely misses you.
The goblin hits you with an enchanted dagger!
The adder bites you.
* * * LOW HITPOINT WARNING * * *
You hit the goblin.
You kill the goblin!
* * * LOW HITPOINT WARNING * * *
You feel sick. The goblin hits you with a club.
You die...

.. .# gg ########..#
g# .. #.....##..#
#g# ... #..........
##..#....
#.........#
#.....#.#
#(...>#.#.# ####g.#
#..<..#.#.####..gg##
#.........S@).....#
#.........g.g..#..#
#.).........####..#
#.....#.....# ##.#
#####.#†....# ..<
#.####### ..#. ##.#
##w[ #..# .. #.##
##### ############


You could see Robin, an adder, 2 hobgoblins and 2 goblins.

Vanquished Creatures
  An ooze (D:1)
  2 giant cockroaches
  2 goblins
  A hobgoblin (D:2)
  2 kobolds
  A quokka (D:2)
  A rat (D:1)
10 creatures vanquished.

Notes
Turn   | Place    | Note
-------+----------+-------------------------------------------
     0 | D:1      | RonnieColeman the Octopode Conjurer began the quest for the Orb.
     0 | D:1      | Reached XP level 1. HP: 11/11 MP: 3/3
   338 | D:1      | Reached XP level 2. HP: 17/17 MP: 3/5
   820 | D:2      | Found a blossoming altar of Fedhas.
   841 | D:2      | Noticed an oklob plant
   935 | D:2      | Noticed Robin
   944 | D:2      | Slain by a goblin

Vault maps used:
D:1:      dpeg_chamrin_arrival_tetris, grunt_decor_resistance, kennysheep_boxes
D:2:      tgw_xom, tgw_fedhas, serial_glass, glass_columns_a, glass_columns_c,
          kennysheep_generic_room_3, uniq_robin

Action                   || total
-------------------------++-------
Melee: Unarmed           ||     4
       Club              ||     2
       Tentacles         ||     2
       Constrict         ||     2
       Short sword       ||    11
 Cast: Magic Dart        ||     1
 Stab: Sleeping          ||     6
Armor: Skin              ||     2
Dodge: Dodged            ||     5
